 Dungeon Crawl Stone Soup version 0.19-a0-1686-g35356ef (webtiles) character file.

125721 Amnesiac the Shatterer (level 16, -9/188 HPs)
             Began as an Ogre Gladiator on Sept 25, 2016.
             Was the Champion of Okawaru.
             Mangled by an eight-headed hydra (12 damage)
             ... on level 4 of the Swamp.
             The game lasted 00:59:52 (28439 turns).

Amnesiac the Shatterer (Ogre Gladiator)            Turns: 28439, Time: 00:59:53

Health: -9/188     AC: 13    Str: 24    XL:     16   Next: 61%
Magic:  30/30      EV: 15    Int:  7    God:    Okawaru [******]
Gold:   2562       SH:  0    Dex: 17    Spells: 4 memorised, 27 levels left

rFire  + . .     SeeInvis .     Z - +4 giant spiked club (flame)
rCold  . . .     Gourm    .     D - +2 troll leather armour
rNeg   . . .     Faith    .     (shield currently unavailable)
rPois  +         Spirit   .     I - +2 hat
rElec  .         Dismiss  .     m - +2 cloak {rPois}
rCorr  .         Reflect  .     (gloves unavailable)
MR     ++...     Harm     .     (boots unavailable)
Stlth  +.........               (no amulet)
                                V - +3 ring of slaying
                                (no ring)

@: no status effects
A: unfitting armour, agile 1, fire resistance 1, magic resistance 1, mutation
resistance 1, regeneration 1, tough skin 1
a: Heroism, Finesse, Renounce Religion
}: 1/15 runes: decaying


You were on level 4 of the Swamp.
You worshipped Okawaru.
Okawaru was exalted by your worship.
You were not hungry.

You visited 4 branches of the dungeon, and saw 23 of its levels.
You also visited: Sewer.

You collected 2791 gold pieces.
You spent 229 gold pieces at shops.

Inventory:

Hand Weapons
 v - the +6 great mace "Ogre's Death" {crush, *Contam rF+ Dex+3}
   (Okawaru gifted it to you on level 2 of the Orcish Mines)

   It inflicts extra damage upon your enemies.
   It affects your dexterity (+3).
   It protects you from fire.
   It causes magical contamination when unequipped.
 y - a +6 blowgun
 Y - the +4 giant club of Law {antimagic, rC- Str+8 Dex-4 SInv}
   (Okawaru gifted it to you on level 10 of the Dungeon)

   It reduces the magical energy of the wielder, and disrupts the spells and
   magical abilities of those hit.
   Natural abilities and divine invocations are not affected.
   It affects your strength (+8).
   It affects your dexterity (-4).
   It makes you vulnerable to cold.
   It lets you see invisible.
 Z - a +4 giant spiked club of flaming (weapon)
Missiles
 d - 3 throwing nets (quivered)
 R - 16 large rocks
 T - 8 curare-tipped needles
Armour
 m - a +2 cloak of poison resistance (worn)
 p - the +1 robe of Integrity {rElec MR+}
   (You found it on level 5 of the Lair of Beasts)

   It insulates you from electricity.
   It affects your resistance to hostile enchantments.
 r - a +2 robe of resistance
 A - a +0 swamp dragon armour
 D - a +2 troll leather armour (worn)
 I - a +2 hat (worn)
Jewellery
 n - an uncursed ring of fire
 u - an uncursed ring of poison resistance
 L - an uncursed ring of flight
 U - an uncursed ring of ice
 V - a +3 ring of slaying (right hand)
Wands
 b - a wand of digging (8/24)
 c - a wand of iceblast (1/15)
 N - a wand of enslavement (11/24)
 P - a wand of paralysis (4/24)
Scrolls
 g - 8 scrolls of teleportation
 w - 3 scrolls of magic mapping
 C - 2 scrolls of enchant armour
 E - 3 scrolls of fog
 G - 3 scrolls of identify
 H - a scroll of amnesia
 M - 7 scrolls of recharging
 O - 3 scrolls of fear
 S - a scroll of blinking
 W - 6 scrolls of remove curse
Potions
 a - 4 potions of agility
 e - 11 potions of curing
 h - 2 potions of ambrosia
 i - 4 potions of heal wounds
 j - 2 potions of haste
 k - 2 potions of cure mutation
 o - 3 potions of brilliance
 q - 3 potions of magic
 s - 4 potions of invisibility
 t - a potion of cancellation
 z - 3 potions of resistance
 Q - 3 potions of might
 X - 2 potions of flight
Books
 B - a book of Changes

   Spells                             Type                      Level
   a - Beastly Appendage              Transmutation                1
   b - Sticks to Snakes               Transmutation                2
   c - Spider Form                    Transmutation/Poison         3
   d - Ice Form                       Ice/Transmutation            4
   e - Blade Hands                    Transmutation                5
Comestibles
 f - 12 bread rations
 l - 7 meat rations
 x - 10 slices of pizza
 F - 2 beef jerkies
 J - 20 fruits
 K - 4 chunks of flesh


   Skills:
 + Level 18.5 Fighting
 - Level 24.0 Maces & Flails
 - Level 2.0 Throwing
 - Level 9.1 Dodging
 - Level 10.0 Spellcasting
 - Level 5.0 Charms


You had 27 spell levels left.
You knew the following spells:

 Your Spells              Type           Power        Failure   Level  Hunger
a - Summon Butterflies    Summ           #.......     21%         1    None
b - Spectral Weapon       Hex/Chrm       #.......     21%         3    ###....
c - Apportation           Tloc           #.........   21%         1    None
d - Regeneration          Chrm/Necr      #.........   21%         3    ###....


Dungeon Overview and Level Annotations

Branches:
Dungeon (11/15)            Temple (0/1) D:4            Lair (6/6) D:8
  Swamp (4/4) Lair:4       Spider (0/4) Lair:2        Slime (0/5) Lair:5
    Orc (2/2) D:11            Elf (0/3) Orc:2

Altars:
Cheibriados
Elyvilon
Fedhas
Kikubaaqudgha
Okawaru
Trog
Uskayaw
The Shining One

Shops:
D:4 *   D:7 *   D:11 (   Orc:1 %   Orc:2 ([%:!

Portals:
Pandemonium: Orc:2


Innate Abilities, Weirdness & Mutations

You are too large for most types of armour.
You have tough skin. (AC +1)
You are agile. (Dex +2)
Your flesh is heat resistant. (rF+)
You are resistant to hostile enchantments. (MR+)
You are somewhat resistant to further mutation.
Your natural rate of healing is unusually fast.


Message History

The eight-headed hydra bites you but does no damage.
Unknown command.
Unknown command.
Unknown command.
Quiver which item? (- for none, * to show all) (? for menu, Esc to quit)
Quivering
d - 4 throwing nets for throwing.
Throwing (i - inventory. (,) - cycle):
d - 4 throwing nets (quivered)
Press: ? - help, Shift-Dir - straight line, f/p - eight-headed hydra
Aim: an eight-headed hydra (heavily wounded)
You throw a throwing net.
The throwing net barely misses the eight-headed hydra.
You hear a splash.
The eight-headed hydra bites you but does no damage.
The eight-headed hydra bites you!
* * * LOW HITPOINT WARNING * * *
The eight-headed hydra bites you but does no damage.
The eight-headed hydra bites you.
* * * LOW HITPOINT WARNING * * *
The eight-headed hydra misses you. The eight-headed hydra bites you!
You die...

...≈≈≈≈≈§≈≈≈.≈..♣.≈≈≈≈≈≈≈[≈♣
≈ ...≈≈.!≈≈≈.≈♣♣≈.≈≈≈≈≈≈§.≈♣
. ≈≈≈.P.≈≈≈≈§≈....≈≈...≈..♣♣
. .♣≈iPP≈≈≈≈≈w≈.♣♣≈≈≈....♣♣
P≈♣PP≈≈≈≈≈≈.♣ ♣≈≈...♣♣♣
♣≈f≈≈≈≈≈≈..♣♣♣≈.≈.♣♣
♣PP≈≈≈≈≈≈♣ ♣.(.≈♣♣ ♣♣♣
♣.≈≈≈≈≈.♣ ♣♣D≈≈♣♣♣♣♣≈♣
♣♣≈≈≈≈≈.≈♣ ♣♣@≈..♣ ♣≈≈≈♣
♣≈≈≈≈≈≈J♣♣♣♣.≈≈≈.♣♣♣≈≈.♣♣
♣♣≈...≈≈≈♣♣≈≈≈≈≈≈≈♣♣≈≈≈≈♣
♣♣♣♣.≈≈≈)≈.≈≈≈≈≈§..≈≈≈≈♣
♣.≈P≈.♣§.≈§≈≈≈.§≈≈≈♣♣
♣[§≈.♣♣♣≈≈♣♣♣♣.≈≈≈≈≈♣
≈..§.≈♣♣ ♣♣♣♣ ♣♣..≈.♣♣
§...≈♣♣ ♣♣...♣♣♣ ≈....≈
♣♣.≈..♣


You could see an eight-headed hydra.

Vanquished Creatures
  3 thorn hunters
  Donald (Orc:2)
  Louise (Swamp:3)
  19 hydras
  6 alligators
  5 death yaks (Lair:1)
  5 orc high priests (Orc:2)
  2 soul eaters (Orc:2)
  A deep elf knight (Orc:2)
  A sixfirhy (Orc:2)
  A spriggan druid (Swamp:4)
  An unseen horror (D:10)
  5 shambling mangroves
  9 swamp dragons
  A putrid demonspawn (Orc:2)
  2 torturous demonspawn (Orc:2)
  A hill giant (D:11)
  Pikel (D:4)
  5 orc knights
  An ugly thing (D:11)
  7 orc sorcerers
  2 oklob plants
  A cyclops (D:11)
  11 elephants (Lair:6)
  Joseph (D:8)
  2 black mambas
  A torpor snail (Lair:6)
  A kobold demonologist (D:11)
  A rime drake (Lair:4)
  15 spiny frogs
  6 komodo dragons
  A jumping spider (Lair:2)
  2 trolls
  8 tyrant leeches
  3 polar bears (Lair:6)
  The ghost of Bronet the Skirmisher, an amateur HuFi (D:3)
  A two-headed ogre (Orc:2)
  17 slime creatures
  12 blink frogs
  10 bog bodies
  12 hippogriffs
  5 dream sheep
  A shadow (Swamp:1)
  18 spriggans
  5 wyverns
  44 yaks
  2 basilisks
  25 vampire mosquitoes
  2 chaos spawn (Orc:2)
  16 swamp worms
  17 insubstantial wisps
  2 wargs
  2 hell hounds (D:8)
  15 water moccasins
  7 porcupines
  Duvessa (D:4)
  38 orc warriors
  3 sky beasts
  11 swamp drakes (Swamp:4)
  4 black bears
  14 wasps
  3 ice beasts
  2 slaves (D:4)
  A phantom (D:11)
  29 wolves (Lair:6)
  3 boggarts (Lair:6)
  2 necrophages
  10 ogres
  4 centaurs
  9 crocodiles
  6 big kobolds
  16 bullfrogs
  2 gnoll sergeants
  A wyvern zombie (D:8)
  Dowan (D:4)
  A water moccasin zombie (D:5)
  2 wyvern skeletons
  A scorpion (D:5)
  16 killer bees (D:10)
  An electric eel (Lair:5)
  5 crimson imps
  4 howler monkeys
  A quasit (D:11)
  4 jellies
  A centaur zombie (D:11)
  A bullfrog zombie (D:8)
  24 orc priests
  A centaur skeleton (D:11)
  9 hounds
  26 orc wizards
  2 bullfrog skeletons
  Ijyb (D:3)
  7 iguanas
  7 worker ants
  A killer bee zombie (D:7)
  A hound skeleton (D:9)
  14 adders
  9 gnolls
  A howler monkey skeleton (D:9)
  59 river rats
  3 shadow imps
  4 worms
  2 dart slugs
  5 leopard geckos
  71 orcs
  8 giant cockroaches
  6 goblins
  12 hobgoblins
  21 jackals
  32 kobolds
  2 quokkas
  5 ball pythons
  7 bats
  6 frilled lizards
  2 leopard gecko skeletons
  7 rats
  2 briar patches (Swamp:4)
  4 plants (Sewer)
905 creatures vanquished.

Vanquished Creatures (others)
  9 briar patches (Swamp:4)
  4 fungi
  5 plants
18 creatures vanquished.

Grand Total: 923 creatures vanquished

Notes
Turn   | Place    | Note
-------+----------+-------------------------------------------
     0 | D:1      | Amnesiac the Ogre Gladiator began the quest for the Orb.
     0 | D:1      | Reached XP level 1. HP: 22/22 MP: 1/1
    34 | D:1      | Reached XP level 2. HP: 31/31 MP: 2/2
   137 | D:2      | Learned a level 1 spell: Summon Butterflies
   410 | D:4      | Reached skill level 5 in Maces & Flails
   410 | D:4      | Reached XP level 3. HP: 34/37 MP: 3/3
   427 | D:4      | Reached XP level 4. HP: 39/45 MP: 4/4
   551 | D:4      | Found an iron altar of Okawaru.
   644 | D:4      | Became a worshipper of Warmaster Okawaru
  2273 | D:3      | Reached XP level 5. HP: 54/54 MP: 5/5
  2280 | D:3      | Noticed Bronet's ghost (amateur HuFi)
  2303 | D:3      | Killed Bronet's ghost
  2303 | D:3      | Reached skill level 7 in Maces & Flails
  2303 | D:3      | Reached XP level 6. HP: 29/63 MP: 6/6
  2784 | D:3      | Noticed Ijyb
  2799 | D:3      | Killed Ijyb
  2799 | D:3      | Reached * piety under Okawaru
  2799 | D:3      | Reached skill level 5 in Fighting
  2814 | D:3      | Reached XP level 7. HP: 54/72 MP: 7/7
  2964 | D:3      | Found a white marble altar of Elyvilon.
  3508 | D:4      | Found Katodeh's General Store.
  3518 | D:4      | Bought a potion of curing for 39 gold pieces
  3520 | D:4      | Bought a scroll of teleportation for 39 gold pieces
  3549 | D:4      | Noticed Duvessa
  3561 | D:4      | Noticed Dowan
  3575 | D:4      | Killed Duvessa
  3575 | D:4      | Reached skill level 8 in Maces & Flails
  3580 | D:4      | Killed Dowan
  3865 | D:4      | Noticed Pikel
  3970 | D:4      | Killed Pikel
  3970 | D:4      | Reached ** piety under Okawaru
  3970 | D:4      | Reached skill level 9 in Maces & Flails
  3970 | D:4      | Reached skill level 5 in Dodging
  3970 | D:4      | Reached XP level 8. HP: 11/84 MP: 8/8
  4457 | D:4      | Found a staircase to the Ecumenical Temple.
  4632 | D:5      | Entered Level 5 of the Dungeon
  4683 | D:5      | Reached *** piety under Okawaru
  4683 | D:5      | Reached skill level 10 in Maces & Flails
  4817 | D:5      | Found a glowing drain.
  4835 | Sewer    | Entered a sewer
  5702 | D:5      | Found a hide-covered altar of Uskayaw.
  5702 | D:5      | Noticed a dagger
  5703 | D:5      | Noticed a dagger
  5742 | D:5      | Reached XP level 9. HP: 62/93 MP: 9/9
  5754 | D:5      | Reached skill level 11 in Maces & Flails
  6623 | D:6      | Received a gift from Okawaru
  7173 | D:6      | Found an ancient bone altar of Kikubaaqudgha.
  7173 | D:6      | Found a blossoming altar of Fedhas.
  7618 | D:7      | Found Idenit's Assorted Antiques.
  7630 | D:7      | Bought a scroll labeled ONOEPH YPEU for 20 gold pieces
  7630 | D:7      | Bought a fuming cyan potion for 18 gold pieces
  7630 | D:7      | Bought a sedimented purple potion for 18 gold pieces
  7630 | D:7      | Bought a runed blowgun for 50 gold pieces
  7726 | D:7      | Reached **** piety under Okawaru
  7726 | D:7      | Reached skill level 12 in Maces & Flails
  8133 | D:7      | Found a glowing golden altar of the Shining One.
  8133 | D:7      | Found a snail-covered altar of Cheibriados.
  8472 | D:8      | Reached XP level 10. HP: 63/107 MP: 10/10
  8673 | D:8      | Found a staircase to the Lair.
  8697 | D:8      | Reached skill level 13 in Maces & Flails
  9178 | D:8      | Noticed Joseph
  9200 | D:8      | Killed Joseph
  9363 | D:8      | Reached ***** piety under Okawaru
  9667 | D:8      | Reached skill level 10 in Fighting
  9968 | Lair:1   | Entered Level 1 of the Lair of Beasts
 10160 | Lair:1   | Noticed a spiny frog
 10165 | Lair:1   | Killed a spiny frog
 10433 | Lair:1   | Noticed a death yak
 10433 | Lair:1   | Noticed a death yak
 10434 | Lair:1   | Noticed a death yak
 10434 | Lair:1   | Noticed a death yak
 10434 | Lair:1   | Noticed a death yak
 10451 | Lair:1   | Received a gift from Okawaru
 10451 | Lair:1   | Reached skill level 14 in Maces & Flails
 10493 | Lair:1   | Killed a death yak
 10493 | Lair:1   | Reached XP level 11. HP: 58/117 MP: 11/11
 10508 | Lair:1   | Reached skill level 15 in Maces & Flails
 11227 | Lair:1   | Noticed a five-headed hydra
 11617 | D:9      | Learned a level 3 spell: Spectral Weapon
 11704 | D:9      | Gained mutation: Your muscles are strong. (Str +2) [mutagenic meat]
 11707 | D:9      | Gained mutation: Your magical capacity is low. (-10% MP) [mutagenic meat]
 11710 | D:9      | Gained mutation: You tend to lose your temper in combat. [mutagenic meat]
 11713 | D:9      | Gained mutation: You are agile. (Dex +2) [mutagenic meat]
 11905 | D:10     | Entered Level 10 of the Dungeon
 11955 | D:10     | Reached skill level 16 in Maces & Flails
 12000 | D:10     | Received a gift from Okawaru
 12009 | D:10     | Got a bloodstained giant club {god gift}
 12010 | D:10     | Identified the +4 giant club of Law {antimagic, rC- Str+8 Dex-4 SInv} (Okawaru gifted it to you on level 10 of the Dungeon)
 12311 | D:10     | Gained mutation: You are dopey. (Int -2) [potion of mutation]
 12311 | D:10     | Gained mutation: Scrolls take you a little longer to read. [potion of mutation]
 12319 | D:10     | Lost mutation: Your magical capacity is low. (-10% MP) [potion of cure mutation]
 12319 | D:10     | Lost mutation: Scrolls take you a little longer to read. [potion of cure mutation]
 12319 | D:10     | Lost mutation: You tend to lose your temper in combat. [potion of cure mutation]
 12319 | D:10     | Lost mutation: You are dopey. (Int -2) [potion of cure mutation]
 12432 | D:10     | Reached skill level 17 in Maces & Flails
 13051 | D:10     | Noticed a three-headed hydra
 13061 | D:10     | Killed a one-headed hydra
 13061 | D:10     | Received a gift from Okawaru
 13061 | D:10     | Reached skill level 18 in Maces & Flails
 13061 | D:10     | Reached XP level 12. HP: 96/126 MP: 12/12
 13352 | D:10     | Gained mutation: Your flesh is heat resistant. (rF+) [mutagenic meat]
 13355 | D:10     | Lost mutation: Your muscles are strong. (Str +2) [mutagenic meat]
 13358 | D:10     | Gained mutation: Your natural rate of healing is unusually fast. [mutagenic meat]
 13361 | D:10     | Gained mutation: You are resistant to hostile enchantments. (MR+) [mutagenic meat]
 13857 | Lair:1   | Killed a one-headed hydra
 14096 | Lair:1   | Killed a death yak
 14169 | Lair:1   | Killed a death yak
 14176 | Lair:1   | Killed a death yak
 14178 | Lair:1   | Killed a death yak
 14415 | Lair:2   | Found a hole to the Spider Nest.
 14418 | Lair:2   | Received a gift from Okawaru
 15336 | Lair:2   | Noticed a four-headed hydra
 15346 | Lair:2   | Killed a four-headed hydra
 15620 | Lair:3   | Reached skill level 15 in Fighting
 15924 | Lair:3   | Noticed a four-headed hydra
 15927 | Lair:3   | Killed a four-headed hydra
 15927 | Lair:3   | Reached XP level 13. HP: 114/150 MP: 4/13
 16550 | Lair:4   | Reached ****** piety under Okawaru
 16945 | Lair:4   | Received a gift from Okawaru
 16974 | Lair:4   | Found a staircase to the Swamp.
 17529 | Lair:5   | Found a staircase to the Slime Pits.
 17748 | Lair:5   | Learned a level 1 spell: Apportation
 17752 | Lair:5   | Learned a level 3 spell: Regeneration
 17927 | Lair:5   | Got an ominously black robe
 17938 | Lair:5   | Identified the +1 robe of Integrity {rElec MR+} (You found it on level 5 of the Lair of Beasts)
 18137 | Lair:6   | Entered Level 6 of the Lair of Beasts
 18330 | Lair:6   | Reached skill level 5 in Spellcasting
 18505 | Lair:6   | Reached XP level 14. HP: 165/169 MP: 7/25
 18515 | Lair:6   | Received a gift from Okawaru
 18676 | Lair:6   | Reached skill level 1 in Charms
 19008 | Lair:6   | Got an ancient battleaxe
 19010 | Lair:6   | Identified the +6 battleaxe of Disarray {venom, *Slow rF++ Str+2 SInv} (You found it on level 6 of the Lair of Beasts)
 19381 | Lair:6   | Received a gift from Okawaru
 19530 | Lair:6   | Reached skill level 5 in Charms
 20745 | D:11     | Found a staircase to the Orcish Mines.
 21116 | D:11     | Found Hotekloe's Antique Weapon Shop.
 21119 | D:11     | Bought a glowing giant club for 45 gold pieces
 21227 | Orc:1    | Entered Level 1 of the Orcish Mines
 21242 | Orc:1    | Received a gift from Okawaru
 21338 | Orc:1    | Reached skill level 10 in Spellcasting
 21665 | Orc:1    | Found Coixtuca's Food Boutique.
 21713 | Orc:1    | Found a bloodstained altar of Trog.
 21895 | Orc:2    | Entered Level 2 of the Orcish Mines
 21920 | Orc:2    | Found a staircase to the Elven Halls.
 22167 | Orc:2    | Found Vewumme's Distillery.
 22223 | Orc:2    | Received a gift from Okawaru
 22443 | Orc:2    | Found Launky's Food Emporium.
 22692 | Orc:2    | Reached skill level 19 in Maces & Flails
 22699 | Orc:2    | Received a gift from Okawaru
 22721 | Orc:2    | Reached XP level 15. HP: 145/176 MP: 9/29
 23089 | Orc:2    | Reached skill level 20 in Maces & Flails
 23214 | Orc:2    | Found Akoc's Book Shop.
 23214 | Orc:2    | Found Tadgh's Antique Armour Boutique.
 23214 | Orc:2    | Found a one-way gate leading to the halls of Pandemonium.
 23373 | Orc:2    | Found Cafut's Antique Weapon Boutique.
 23375 | Orc:2    | Noticed Donald
 23390 | Orc:2    | HP: 1/176 [Donald/eveningstar (30)]
 23760 | Orc:2    | Killed Donald
 23760 | Orc:2    | Received a gift from Okawaru
 23761 | Orc:2    | Got a fine great mace {god gift}
 23788 | Orc:2    | Identified the +6 great mace "Ogre's Death" {crush, *Contam rF+ Dex+3} (Okawaru gifted it to you on level 2 of the Orcish Mines)
 24395 | Swamp:1  | Entered Level 1 of the Swamp
 24817 | Swamp:1  | Reached skill level 21 in Maces & Flails
 25761 | Swamp:2  | Received a gift from Okawaru
 25762 | Swamp:2  | Got a transparent executioner's axe {god gift}
 26201 | Swamp:3  | Reached skill level 22 in Maces & Flails
 26502 | Swamp:3  | Gained mutation: You are somewhat resistant to further mutation. [potion of beneficial mutation]
 26524 | Swamp:3  | Noticed a thorn hunter
 26540 | Swamp:3  | Killed a thorn hunter
 26543 | Swamp:3  | Received a gift from Okawaru
 26715 | Swamp:3  | Reached XP level 16. HP: 154/185 MP: 30/30
 26749 | Swamp:3  | Noticed Louise
 26771 | Swamp:3  | Killed Louise
 26873 | Swamp:3  | HP: 2/185 [alligator (21)]
 27363 | Swamp:4  | Entered Level 4 of the Swamp
 27467 | Swamp:4  | Reached skill level 23 in Maces & Flails
 27479 | Swamp:4  | Noticed a thorn hunter
 27762 | Swamp:4  | Noticed a thorn hunter
 27767 | Swamp:4  | Killed a thorn hunter
 28243 | Swamp:4  | Reached skill level 24 in Maces & Flails
 28295 | Swamp:4  | Got a decaying rune of Zot
 28410 | Swamp:4  | Killed a thorn hunter
 28439 | Swamp:4  | HP: 8/188 [eight-headed hydra (15)]
 28439 | Swamp:4  | HP: 3/188 [eight-headed hydra (5)]
 28439 | Swamp:4  | Mangled by an eight-headed hydra

Vault maps used:
D:1:      matt_arrival_grand_opening, st_stairs_9, nrook_loot_triangle
D:2:      first_bread, kennysheep_doodads
D:3:      elyvilon_altar_1, uniq_iyjb
D:4:      nicolae_overflow_crystal_walls, serial_shops, shop, uniq_pikel,
          uniq_duvessa
D:5:      dancing_weapons_uskayaw, portal_sewer_entry_b
D:6:      grunt_temple_overflow_growth_and_decay
D:7:      gammafunk_temple_overflow_wave, serial_shops, shop
D:8:      minmay_lair_entry_lava, uniq_joseph
D:10:     hangedman_ranch
D:11:     david_orc_1_choice, serial_shops, kennysheep_mini_moat
Lair:1:   eino_small_chamber_without_monster, grunt_megastairs_4,
          serial_bayou_shore_b
Lair:2:   spider_nest_entry_rubble, grunt_megastairs_2, lemuel_fruit_fields
Lair:3:   grunt_megastairs_3, infiniplex_staircase_pool_2, lemuel_fruit_tree
Lair:4:   minmay_swamp_entry_wisps
Lair:5:   minmay_slime_entry_pillars, nicolae_quartered_pool_medium,
          st_stairs_13
Lair:6:   minmay_lair_end_enchanted_forest, grunt_megastairs_1
Swamp:1:  hangedman_swamp_ruin_wall, infiniplex_staircase_pool
Swamp:2:  nicolae_swamp_feature_on_the_river_bank, swamp_pool1
Swamp:3:  nicolae_swamp_fairy_circle, swamp_pool4, nicolae_swamp_round_clearing,
          nicolae_swamp_oklob_treasure_island, uniq_louise
Swamp:4:  swamp
Orc:1:    serial_shops, shop, trog_hazing_becter
Orc:2:    pf_orc_diabolical, serial_shops, nicolae_shop_behind_doors,
          nicolae_orc_tapped_out, uniq_donald
Sewer:    sewer_co_scattered_pipes

Skill      XL: |  1  2  3  4  5  6  7  8  9 10 11 12 13 14 15 16 |
---------------+-------------------------------------------------+-----
Fighting       | 3 4 5 6 7 9 10 15 18 | 18.5
Dodging        | 3 4 5 6 7 9 |  9.1
Maces & Flails | 5 7 9 10 12 14 18 19 22 24 | 24.0
Spellcasting   | 7 10 | 10.0
Charms         | 5 |  5.0
Throwing       | |  2.0

Action                   |  1- 3 |  4- 6 |  7- 9 | 10-12 | 13-15 | 16-18 || total
-------------------------+-------+-------+-------+-------+-------+-------++-------
Melee: Flail             |    41 |       |       |       |       |       ||    41
       Lajatang          |     9 |   132 |   422 |    65 |       |       ||   628
       Quarterstaff      |       |       |    11 |       |       |       ||    11
       Giant club        |       |       |       |   257 |   928 |       ||  1185
       Dire flail        |       |       |       |   282 |       |       ||   282
       Falchion          |       |       |       |    16 |       |       ||    16
       Demon whip        |       |       |       |       |    12 |       ||    12
       Great mace        |       |       |       |       |   254 |       ||   254
       Giant spiked club |       |       |       |       |    41 |   202 ||   243
Throw: Throwing net      |       |       |     2 |       |     2 |     2 ||     6
       Large rock        |       |       |       |     8 |    19 |     2 ||    29
 Cast: Spectral Weapon   |       |       |       |       |     1 |       ||     1
Invok: Heroism           |       |       |     2 |       |     1 |       ||     3
Evoke: Wand              |       |       |       |     8 |       |       ||     8
  Use: Scroll            |       |     6 |     4 |    15 |    16 |     7 ||    48
       Potion            |       |       |       |     2 |     6 |     2 ||    10
 Stab: Sleeping          |     2 |       |       |     5 |       |       ||     7
       Confused          |       |       |       |     1 |       |     1 ||     2
       Distracted        |       |       |       |       |     1 |       ||     1
       Held in net/web   |       |       |       |       |     2 |     1 ||     3
  Eat: Chunk             |       |     6 |    18 |    32 |    38 |     6 ||   100
       Beef jerky        |       |       |       |     1 |       |       ||     1
Armor: Robe              |    29 |    46 |   106 |    76 |   173 |       ||   430
       Swamp dragon armo |       |       |       |       |    68 |       ||    68
       Troll leather arm |       |       |       |       |     1 |    80 ||    81
Dodge: Dodged            |    46 |    76 |   293 |   356 |   649 |   202 ||  1622
